 Dungeon Crawl Stone Soup version 0.23.2-33-g5129a83184 (webtiles) character file.

Game seed: 435915280763018393

503 mikogus the Poker (level 7, -3/51 HPs)
             Began as a Merfolk Skald on July 18, 2019.
             Shot with an arrow by a centaur (6 damage)
             ... on level 5 of the Dungeon.
             The game lasted 00:21:46 (5291 turns).

mikogus the Poker (Merfolk Skald)                   Turns: 5291, Time: 00:21:47

Health: -3/51      AC:  4    Str: 12    XL:     7   Next: 17%
Magic:  4/11       EV: 13    Int: 14    God:
Gold:   157        SH:  0    Dex: 13    Spells: 4/12 levels left

rFire    . . .     SeeInvis .   a - +0 spear
rCold    . . .     Gourm    .   (no shield)
rNeg     . . .     Faith    .   b - +0 leather armour
rPois    +         Spirit   .   (no helmet)
rElec    .         Reflect  .   n - +0 cloak
rCorr    .         Harm     .   (no gloves)
MR       .....                  (no boots)
Stlth    ++........             (no amulet)
HPRegen  0.17/turn              g - ring of poison resistance
MPRegen  0.12/turn              (no ring)

@: very slightly contaminated
A: change form in water, swift swim, stealthy swim
a: no special abilities


You were on level 5 of the Dungeon.
You were not hungry.

You visited 1 branch of the dungeon, and saw 5 of its levels.

You collected 157 gold pieces.

Inventory:

Hand Weapons
 a - a +0 spear (weapon)
 h - a +2 flail of holy wrath
 k - a +0 hand axe of freezing
 m - a +4 quarterstaff of chaos
 o - a +1 hand axe of electrocution
Armour
 b - a +0 leather armour (worn)
 n - a +0 cloak (worn)
Jewellery
 g - a ring of poison resistance (left hand)
 p - an uncursed amulet of guardian spirit
Wands
 u - a wand of acid (7)
Scrolls
 e - 7 scrolls of remove curse
 i - 2 scrolls of identify
 j - a scroll of magic mapping
 r - a scroll of blinking {unknown}
Potions
 c - 3 potions of flight
 f - a potion of heal wounds
 l - a potion of curing
 q - a potion of magic {unknown}
 s - a potion of invisibility
 t - a potion of agility {unknown}
Comestibles
 d - 7 rations


   Skills:
 + Level 2.9 Fighting
 + Level 6.7 Polearms
 + Level 2.0 Armour
 + Level 4.0 Dodging
 + Level 1.4 Stealth
 + Level 3.0 Spellcasting
 + Level 4.5 Charms
 + Level 0.6 Translocations


You had 4 spell levels left.
You knew the following spells:

 Your Spells              Type           Power        Failure   Level  Hunger
a - Infusion              Chrm           ##..         4%          1    #......
b - Shroud of Golubria    Chrm/Tloc      #.........   14%         2    ##.....
c - Song of Slaying       Chrm           ##......     6%          2    ##.....
d - Regeneration          Chrm/Necr      #.........   32%         3    ###....

Your spell library contained the following spells:

 Spells                   Type           Power        Failure   Level  Hunger
 Spectral Weapon          Hex/Chrm       #.......     32%         3    ###....


Dungeon Overview and Level Annotations

Branches:
Dungeon (5/15)
 Temple: D:4-7

Altars:
Vehumet

Shops:
D:4 ?=*


Message History

You see here 16 arrows.
Found 9 gold pieces.
Okay, then.
Okay, then.
Okay, then.
Casting: Infusion (safe; 4% risk of failure)
Confirm with . or Enter, or press ? or * to list all spells.
You miscast Regeneration.
You are very lightly contaminated with residual magic.
Strange energies run through your body.
Found 2 potions of resistance.
The ogre hits you with a +0 giant club.
* * * LOW HITPOINT WARNING * * *
Found a scroll labeled ZOABEAN EBAMIUF.
Your magical infusion is running out.
A centaur comes into view.
You are no longer magically infusing your attacks.
The centaur wields a +0 shortbow.
The centaur shoots an arrow.
The arrow hits you.
You die...

#######!.###.#
..........o$.##
#####..###...#
#..##..#.#
#o.##....#
#O.##.####
.######...#.#
..c.......#.#
..#####@..#.# #.
#.###(# #.. #.#
#.# #..#####.#
#.# #.....##.#
#.#
###........###.#
...............#
#..........#####
#.(.....<..#


You could see an ogre, a centaur and an orc.

Vanquished Creatures
  A centaur (D:3)
  A bullfrog (D:3)
  A scorpion (D:4)
  Crazy Yiuf (D:2)
  An orc priest (D:2)
  An iguana (D:4)
  2 centaur skeletons (D:4)
  6 adders
  An ooze (D:3)
  An adder skeleton (D:4)
  A worm (D:2)
  A dart slug (D:2)
  3 leopard geckos
  14 orcs
  A ball python (D:3)
  9 giant cockroaches
  8 goblins
  7 hobgoblins
  6 jackals
  4 quokkas
  7 bats
  4 frilled lizards
  4 kobolds
  9 rats
94 creatures vanquished.

Notes
Turn   | Place    | Note
-------+----------+-------------------------------------------
     0 | D:1      | mikogus the Merfolk Skald began the quest for the Orb.
     0 | D:1      | Reached XP level 1. HP: 16/16 MP: 3/3
   128 | D:1      | Reached XP level 2. HP: 21/22 MP: 5/5
  1151 | D:2      | Reached XP level 3. HP: 26/27 MP: 6/6
  1220 | D:2      | Reached skill level 1 in Armour
  1392 | D:2      | Reached skill level 4 in Polearms
  1691 | D:2      | Reached XP level 4. HP: 31/33 MP: 7/7
  1932 | D:1      | Learned a level 2 spell: Shroud of Golubria
  1935 | D:1      | Learned a level 2 spell: Song of Slaying
  2362 | D:2      | Found a runed translucent door.
  2363 | D:2      | Noticed Crazy Yiuf
  2408 | D:2      | Killed Crazy Yiuf
  2408 | D:2      | Reached XP level 5. HP: 14/39 MP: 0/8
  2728 | D:2      | Reached skill level 5 in Polearms
  2931 | D:3      | Reached skill level 1 in Stealth
  2981 | D:3      | Reached XP level 6. HP: 44/46 MP: 9/9
  3011 | D:3      | Reached skill level 6 in Polearms
  3396 | D:3      | Found a radiant altar of Vehumet.
  4293 | D:3      | Learned a level 3 spell: Regeneration
  4359 | D:4      | Reached XP level 7. HP: 27/51 MP: 5/11
  4744 | D:4      | Found Huekoffe's Magic Scroll Shop.
  4763 | D:4      | Found Ogufu's Jewellery Shoppe.
  4794 | D:4      | Found Qerghi's General Store.
  5019 | D:5      | Entered Level 5 of the Dungeon
  5267 | D:5      | HP: 2/51 [ogre/+0 giant club (22)]
  5282 | D:5      | HP: 1/51 [ogre/+0 giant club (4)]
  5291 | D:5      | Shot with an arrow by a centaur

Skill      XL: |  1  2  3  4  5  6  7 |
---------------+----------------------+-----
Armour         | 1 2 |  2.0
Polearms       | 4 5 6 |  6.7
Dodging        | 3 4 |  4.0
Stealth        | 1 |  1.4
Charms         | 4 |  4.5
Spellcasting   | 3 |  3.0
Fighting       | |  2.9
Translocations | |  0.6

Action                   |  1- 3 |  4- 6 |  7- 9 || total
-------------------------+-------+-------+-------++-------
Melee: Spear             |   128 |   295 |    58 ||   481
 Cast: Infusion          |     5 |    14 |     6 ||    25
       Shroud of Golubri |       |    18 |    10 ||    28
  Use: Scroll            |     1 |     5 |       ||     6
       Potion            |     2 |       |       ||     2
 Stab: Sleeping          |     1 |     3 |       ||     4
       Distracted        |     1 |     2 |       ||     3
  Eat: Chunk             |     3 |     9 |     3 ||    15
       Ration            |       |       |     1 ||     1
Armor: Leather armour    |    28 |    50 |     3 ||    81
Dodge: Dodged            |    69 |   183 |    34 ||   286
